 Dungeon Crawl Stone Soup version 0.21.1-1-g345015f (webtiles) character file.

90 Fang the Skirmisher (level 4, -1/29 HPs)
             Began as a Gargoyle Berserker on May 24, 2018.
             Was a Believer of Trog.
             Killed from afar by Ijyb (5 damage)
             ... with a wand of flame (18)
             ... on level 3 of the Dungeon.
             The game lasted 00:05:01 (1742 turns).

Fang the Skirmisher (Gargoyle Berserker)            Turns: 1742, Time: 00:05:01

Health: -1/29      AC:  6    Str: 22    XL:     4   Next: 56%
Magic:  4/4        EV: 12    Int:  7    God:    Trog [**....]
Gold:   71         SH:  0    Dex:  9    Spells: 3/3 levels left

rFire    . . .     SeeInvis .   a - +0 hand axe
rCold    . . .     Gourm    .   (no shield)
rNeg     + . .     Faith    +   b - +1 animal skin
rPois    ∞         Spirit   .   (no helmet)
rElec    +         Reflect  .   (no cloak)
rCorr    .         Harm     .   (no gloves)
MR       .....                  (no boots)
Stlth    +.........             n - amulet of faith
HPRegen  0.09/turn              p - ring of flight
MPRegen  0.09/turn              (no ring)

@: berserk cooldown, slowed, very slow
A: negative energy resistance 1, electricity resistance, unbreathing,
petrification resistance, rot immunity, AC +3
a: Berserk, Trog's Hand, Burn Spellbooks, Renounce Religion, Evoke Flight


You were on level 3 of the Dungeon.
You worshipped Trog.
Trog was pleased with you.
You were very hungry.

You visited 1 branch of the dungeon, and saw 3 of its levels.

You collected 71 gold pieces.

Inventory:

Hand Weapons
 a - a +0 hand axe (weapon)
Missiles
 l - 5 javelins of penetration (quivered)
Armour
 b - a +1 animal skin (worn)
Jewellery
 n - an amulet of faith (around neck)
 p - a ring of flight (left hand)
Wands
 m - a wand of flame (31)
Scrolls
 d - a scroll of remove curse
 k - a scroll of teleportation
Potions
 i - a potion of agility
 o - a potion of degeneration
Comestibles
 c - 6 rations


   Skills:
 + Level 3.9 Fighting
 + Level 3.8 Axes
 + Level 2.3 Armour
 + Level 2.2 Dodging
 + Level 0.2 Stealth


You had 3 spell levels left.
You didn't know any spells.

Dungeon Overview and Level Annotations

Branches:
Dungeon (3/15)

Altars:
Yredelemnul

Annotations:
D:3 Ijyb


Innate Abilities, Weirdness & Mutations

You are resistant to torment.
Your stone body is resilient. (AC +3)
You are immune to poison.
You resist negative energy. (rN+)
You are resistant to electric shocks. (rElec)
You can survive without breathing.
You are immune to petrification.
You are immune to rotting.


Message History

The leopard gecko misses you. Ijyb hits you with a club.
The leopard gecko bites you but does no damage. x2
You feel less invigorated.
You feel less confused. Ijyb hits you with a club.
Ijyb hits you but does no damage. Ijyb barely misses you.
Ijyb zaps a wand.
The puff of flame hits you!
Ijyb zaps a wand.
The puff of flame hits you!
Ijyb zaps a wand.
The puff of flame misses you.
Ijyb zaps a wand.
The puff of flame hits you!
* * * LOW HITPOINT WARNING * * *
You hit Ijyb.
Ijyb is moderately wounded.
Ijyb hits you but does no damage.
You slash Ijyb!
Ijyb is heavily wounded.
Ijyb hits you with a club.
* * * LOW HITPOINT WARNING * * *
Ijyb zaps a wand.
The puff of flame hits you!
You die...

*,* *....###***.#
*,*
#######......,,,,,*
**,**
#..........#*******
**,,.###.........#*
*,*,.....?.......#
**,*,**#......†..#
**,** #...l.....#
*** #.##.###..#
#....lg@..#
###########


You could see Ijyb and a leopard gecko.

Vanquished Creatures
  Terence (D:2)
  An adder (D:3)
  2 dart slugs
  2 leopard geckos (D:1)
  2 giant cockroaches
  7 goblins
  14 hobgoblins
  2 quokkas (D:2)
  4 bats
  3 frilled lizards
  5 kobolds
  A rat (D:1)
44 creatures vanquished.

Notes
Turn   | Place    | Note
-------+----------+-------------------------------------------
     0 | D:1      | Fang the Gargoyle Berserker began the quest for the Orb.
     0 | D:1      | Reached XP level 1. HP: 14/14 MP: 1/1
   156 | D:1      | Reached XP level 2. HP: 16/19 MP: 2/2
   259 | D:1      | Found a basalt altar of Yredelemnul.
   462 | D:1      | Reached XP level 3. HP: 23/23 MP: 3/3
  1014 | D:1      | You fall through a shaft!
  1193 | D:2      | Noticed Terence
  1207 | D:2      | Killed Terence
  1207 | D:2      | Reached ** piety under Trog
  1207 | D:2      | Reached XP level 4. HP: 29/29 MP: 4/4
  1712 | D:3      | Noticed Ijyb
  1742 | D:3      | Killed from afar by Ijyb

Skill      XL: |  1  2  3 |
---------------+----------+-----
Axes           | 3 |  3.8
Dodging        | 2 |  2.2
Fighting       | |  3.9
Armour         | |  2.3
Stealth        | |  0.2

Action                   |  1- 3 |  4- 6 || total
-------------------------+-------+-------++-------
Melee: Hand axe          |   134 |    57 ||   191
Invok: Berserk           |     1 |     1 ||     2
  Use: Scroll            |       |     6 ||     6
       Potion            |       |     1 ||     1
 Stab: Sleeping          |       |     1 ||     1
  Eat: Ration            |       |     1 ||     1
Armor: Animal skin       |    38 |    26 ||    64
Dodge: Dodged            |    89 |    47 ||   136
